Cogmind - Beta 15 @@@ ROGUE MODE // 2025.05.09 @ 09:33:11 Player: _An Result: Destroyed by S-10 Pest with Light Assault Rifle Performance ------------- Evolutions (0) 0 Regions Visited (3) 600 Robots Destroyed (7) 35 Value Destroyed (136) 136 Prototype IDs (0) 0 Alien Tech Used (0) 0 Bonus (0) 0 TOTAL SCORE: 771 Bonus ------- None Cogmind --------- Core Integrity 0/250 Matter 300/300 Energy 200/200 System Corruption 1% Temperature Cool (0) Movement Walking (190) Ox1 Location -10/Subcaves Parts ------- > --- POWER (1) -------- Subdweller Power Source > --- PROPULSION (2) --- Aluminum Leg Subdweller Monowheel > --- UTILITY (2) ------ Medium Storage Unit Subdweller Optics > --- WEAPON (2) ------- (None) > --- INVENTORY (10) --- Wheel Wheel Subdweller Monowheel Makeshift Flight Unit Heat Sink Small Storage Unit Medium Storage Unit Scrap Shield Fragment (36) Peak State ------------ > --- POWER ------------ Subdweller Power Source > --- PROPULSION ------- Subdweller Monowheel Subdweller Monowheel > --- UTILITY ---------- Medium Storage Unit Subdweller Optics > --- WEAPON ----------- Mini Grenade Launcher > --- INVENTORY -------- Aluminum Leg Wheel Wheel Makeshift Flight Unit Heat Sink Small Storage Unit Medium Storage Unit Scrap Shield Fragment [Rating: 12] Favorites ----------- Power Light Ion Engine Engine Light Ion Engine Propulsion Aluminum Leg Leg Aluminum Leg Wheel Subdweller Monowheel Utility Medium Storage Unit Device Subdweller Optics Storage Medium Storage Unit Weapon EM Pulse Gun Energy Gun EM Pulse Gun Ballistic Gun Assault Rifle Launcher Mini Grenade Launcher Build | -11 -10 -10 -10 ------- Run | Yrd Mat Min Sub Slots Evolved . | . . . . Power . | . . . . Propulsion . | . . . . Utility . | . . . . Weapon . | . . . . Parts Attached 19 | 8 3 2 6 Power 2 | 1 . . 1 Engine 2 | 1 . . 1 Core . | . . . . Reactor . | . . . . Propulsion 7 | 4 . . 3 Treads . | . . . . Leg 3 | 2 . . 1 Wheel 4 | 2 . . 2 Hover . | . . . . Flight . | . . . . Utility 5 | 1 3 . 1 Device 3 | . 2 . 1 Storage 2 | 1 1 . . Processor . | . . . . Hackware . | . . . . Protection . | . . . . Artifact . | . . . . Weapon 5 | 2 . 2 1 Energy Gun 3 | 2 . . 1 Energy Cannon . | . . . . Ballistic Gun 1 | . . 1 . Ballistic Cannon . | . . . . Launcher 1 | . . 1 . Special Weapon . | . . . . Impact Weapon . | . . . . Slashing Weapon . | . . . . Piercing Weapon . | . . . . Special Melee Weapon . | . . . . Unidentified Prototypes . | . . . . Parts Lost 8 | . . 2 6 Power 1 | . . 1 . Propulsion 2 | . . . 2 Utility 1 | . . 1 . Weapon 4 | . . . 4 Highest Loss Streak 5 | . . 1 5 To Critical Strikes 1 | . . . 1 Average Backups 6 | 1 5 7 7 Power . | . . . . Propulsion 3 | 1 2 3 3 Utility 2 | . 1 3 3 Weapon 1 | . 1 1 1 Tool/Special . | . . . . Unused Backups 2 | . . . 2 Power . | . . . . Propulsion 1 | . . . 1 Utility 1 | . . . 1 Weapon . | . . . . Tool/Special . | . . . . Average Slot Usage (%) 77 | . 95 82 67 Engine 9 | . 14 8 7 Leg 23 | . 28 28 20 Wheel 1 | . . . 3 Device 6 | . 9 3 6 Storage 14 | . 14 14 14 Energy Gun 14 | . 28 22 5 Ballistic Gun 5 | . . 1 9 Peak Build Rating 12 | 6 7 7 12 Average Rating 6 | 4 6 5 6 On Entrance 4 | . 6 7 4 Naked Turns . | . . . . Heaviest Build 21 | 12 18 18 21 Greatest Support 40 | 20 20 20 40 Greatest Overweight (x) 5 | 1 . . 5 Average Overweight (x) . | . . . . Largest Inventory Capacity 10 | 8 10 10 10 Average Capacity 9 | 7 9 10 10 Most Carried 10 | 3 7 9 10 Average Carried 7 | 1 5 7 8 Final Capacity 10 | 8 10 10 10 Final Carried 8 | 3 7 8 8 Class Distribution -------------------- 100% | Mutant Dominant Class ---------------- Mutant | -10/Materials Mutant | -10/Mines Mutant | -10/Subcaves Resources | -11 -10 -10 -10 ----------- Run | Yrd Mat Min Sub Matter Collected 441 | 190 120 40 91 Remotely . | . . . . Salvage Created 174 | . 117 20 37 Parts 8 | . 7 . 1 Haulers Intercepted . | . . . . Recyclers Shooed . | . . . . Parts Field Recycled . | . . . . Retrieved Matter . | . . . . Parts Self-Destructed 4 | . . . 4 Prevented . | . . . . Kills | -11 -10 -10 -10 ------- Run | Yrd Mat Min Sub Combat Hostiles Destroyed 9 | . 4 4 1 Guns 5 | . 4 1 . AOE 4 | . . 3 1 Classes Destroyed 5 | . 3 1 1 Watcher 2 | . 2 . . Swarmer 3 | . 3 . . Grunt 1 | . 1 . . Subdweller 1 | . . . 1 Assembled 4 | . . 4 . Best Kill Streak 3 | . 3 3 1 Combat Bots Only 3 | . 3 3 1 Max Kills in Single Turn 2 | . 1 2 1 Gunslinging . | . . . . Exploded 2 | . . 2 1 Melee . | . . . . Uniques/NPCs Destroyed . | . . . . Combat | -11 -10 -10 -10 -------- Run | Yrd Mat Min Sub Hostile Shots Fired 89 | . 13 18 58 Missed 18 | . 2 7 9 Hits 71 | . 11 11 49 Melee 5 | . . 5 . Projectile 66 | . 11 6 49 Critical Strikes 1 | . . . 1 Part Disruptions 1 | . . 1 . Damage Taken 1060 | . 94 314 652 Core 250 | . 29 46 175 Absorbed by Shields . | . . . . Core Remaining (%) 100 | 100 . . . Volleys Fired 40 | . 13 11 16 Largest 2 | . 2 2 2 Hottest 90 | . 90 90 90 Shots Fired 76 | . 26 20 30 Gun 72 | . 26 18 28 Cannon . | . . . . Launcher 4 | . . 2 2 Special . | . . . . Kinetic 12 | . . . 12 Thermal 22 | . 13 9 . Explosive 4 | . . 2 2 Electromagnetic 38 | . 13 9 16 Robot Hit Streak 10 | . 4 6 10 Robot Miss Streak 3 | . 3 3 2 Penetration Max . | . . . . Secondary Targets . | . . . . Shots Hit Robots 48 | . 13 12 23 Core Hits 18 | . 8 8 2 Critical Kills . | . . . . Critical Parts Destroyed . | . . . . Critical Strikes 1 | . 1 . . Burn 1 | . 1 . . Melee Attacks . | . . . . Impact . | . . . . Slashing . | . . . . Piercing . | . . . . Sneak Attacks . | . . . . Combat Hostiles . | . . . . Follow-up Attacks . | . . . . Damage Inflicted 612 | . 186 340 86 Guns 303 | . 186 117 . Cannons . | . . . . Explosions 294 | . . 223 71 Melee . | . . . . Ramming 15 | . . . 15 Kinetic . | . . . . Thermal 163 | . 100 63 . Explosive 294 | . . 223 71 Electromagnetic 140 | . 86 54 . Impact . | . . . . Slashing . | . . . . Piercing . | . . . . Highest Corruption 1 | . . 1 1 Average Corruption 1 | . . 1 1 Corruption Purged . | . . . . Corruption Blocked . | . . . . Effects 3 | . . . 3 Energy Discharges 2 | . . . 2 Alerts 1 | . . . 1 Overload Shots . | . . . . Overflow Damage . | . . . . Projectiles . | . . . . Explosions . | . . . . Melee . | . . . . Knockbacks . | . . . . Impact . | . . . . Kinetic . | . . . . Secondary . | . . . . Self-Inflicted Damage 104 | . . 98 6 Shots 3 | . . 2 1 Rammed . | . . . . Targets Rammed 9 | . . . 9 Kicked 9 | . . . 9 Crushed . | . . . . Highest Temperature 150 | . 120 150 . Average Temperature 50 | . 50 51 . Received Heat Transfer 58 | . 18 40 . Siege Activations . | . . . . Martial Activations . | . . . . Shielding Activations . | . . . . Robots Disrupted . | . . . . Combat Hostiles . | . . . . Robots Corrupted . | . . . . Combat Hostiles . | . . . . Parts Fried . | . . . . Impact Corruptions . | . . . . Robots Melted . | . . . . Combat Hostiles . | . . . . Parts Melted 1 | . 1 . . Heat Transferred 555 | . 370 185 . Parts Sabotaged . | . . . . Parts Stolen . | . . . . Parts Stripped . | . . . . Power Chain Reactions . | . . . . Alert | -11 -10 -10 -10 ------- Run | Yrd Mat Min Sub Maximum Alert Level . | . . . . Low Security (%) 100 | 100 100 100 . Level 1 . | . . . . Level 2 . | . . . . Level 3 . | . . . . Level 4 . | . . . . Level 5 . | . . . . High Security . | . . . . Max Security . | . . . . Peak Influence 70 | . 70 14 . Initial 14 | . . 14 . Average 13 | . 19 3 . Influence Increases 121 | . 114 7 . Destroy 0b10 Robot/C 80 | . 80 . . Destroy 0b10 Robot/NC 10 | . 10 . . Destroy Leader 24 | . 24 . . Destroy Structure 7 | . . 7 . Influence Decreases 121 | . 77 44 . Entered New Map 23 | . . 23 . Time Decay 94 | . 77 17 . Lost Part 4 | . . 4 . Squads Dispatched 1 | . 1 . . Investigation . | . . . . Extermination . | . . . . Reinforcement 1 | . 1 . . Assault . | . . . . Garrison . | . . . . Intercept . | . . . . Searches Triggered . | . . . . Construction Impeded . | . . . . Haulers Reinforced . | . . . . Active Scanning Responses . | . . . . Cargo Convoy Interrupts . | . . . . Stealth | -11 -10 -10 -10 --------- Run | Yrd Mat Min Sub Distress Signals . | . . . . Communications Jammed . | . . . . Distress Signals . | . . . . Times Spotted 16 | . 7 7 2 Peak Tracking Total 4 | . 3 4 1 Tactical Retreats . | . . . . Traps | -11 -10 -10 -10 ------- Run | Yrd Mat Min Sub Traps Triggered 1 | . . . 1 Indirectly . | . . . . Trap Hack Attempts . | . . . . Triggered . | . . . . Disarmed . | . . . . Reprogrammed . | . . . . Reused . | . . . . Traps Extracted . | . . . . Installed . | . . . . Triggered . | . . . . Machines | -11 -10 -10 -10 ---------- Run | Yrd Mat Min Sub Machines Disabled . | . . . . Max in Single Turn . | . . . . Machines Repaired . | . . . . Machines Dismantled . | . . . . Machines Sabotaged . | . . . . Overloaded Fab Kills . | . . . . Hacking | -11 -10 -10 -10 --------- Run | Yrd Mat Min Sub Machines Accessed . | . . . . Terminals . | . . . . Fabricators . | . . . . Repair Stations . | . . . . Recycling Units . | . . . . Scanalyzers . | . . . . Garrison Access . | . . . . Total Hacks . | . . . . Successful . | . . . . Failed . | . . . . Catastrophic . | . . . . Database Lockouts . | . . . . Manual . | . . . . Terminals . | . . . . Fabricators . | . . . . Repair Stations . | . . . . Recycling Units . | . . . . Scanalyzers . | . . . . Garrison Access . | . . . . Terminal Hacks . | . . . . Fabricator Hacks . | . . . . Repair Station Hacks . | . . . . Recycling Unit Hacks . | . . . . Scanalyzer . | . . . . Garrison Access Hacks . | . . . . Unauthorized Hacks . | . . . . Terminals . | . . . . Fabricators . | . . . . Repair Stations . | . . . . Recycling Units . | . . . . Scanalyzers . | . . . . Garrison Access . | . . . . Data Cores Recovered . | . . . . Used . | . . . . Hacking Detections . | . . . . Full Trace Events . | . . . . Feedback Events . | . . . . Feedback Blocked . | . . . . Robot Schematics Acquired . | . . . . Robots Built . | . . . . Authchips . | . . . . Time . | . . . . Total Robot Build Rating . | . . . . Part Schematics Acquired . | . . . . Parts Built . | . . . . Authchips . | . . . . Time . | . . . . Total Part Build Rating . | . . . . Parts Repaired . | . . . . Time . | . . . . Parts Recycled . | . . . . Recycled Matter . | . . . . Retrieved Matter . | . . . . Retrieved Components . | . . . . Parts Scanalyzed . | . . . . Part Schematics Acquired . | . . . . Parts Damaged . | . . . . Bothacking | -11 -10 -10 -10 ------------ Run | Yrd Mat Min Sub Used RIF Installer . | . . . . Robots Hacked . | . . . . Non-combat . | . . . . Combat . | . . . . Robot Hacks Applied . | . . . . Relay Couplers Released . | . . . . Fabnet Peak Effective % . | . . . . Robots Rewired . | . . . . Allies Hacked . | . . . . Hacks Repelled . | . . . . Allies | -11 -10 -10 -10 -------- Run | Yrd Mat Min Sub Total Allies . | . . . . Largest Group . | . . . . Highest-Rated Group . | . . . . Highest-Rated Ally . | . . . . Total Orders . | . . . . Ally Attacks . | . . . . Total Damage . | . . . . Kills . | . . . . Allies Corrupted . | . . . . Allies Melted . | . . . . Intel | -11 -10 -10 -10 ------- Run | Yrd Mat Min Sub Active Infowar (turns) 403 | . 122 29 252 Optics 252 | . . . 252 Seismic 151 | . 122 29 . Robot Analysis Total . | . . . . Derelict Logs Recovered . | . . . . Drone Launches . | . . . . Drone Recoveries . | . . . . Exploration | -11 -10 -10 -10 ------------- Run | Yrd Mat Min Sub Turns Passed 1019 | 56 273 108 582 Spaces Moved 641 | 34 190 58 359 Core 31 | 3 . . 28 Treads . | . . . . Legs 581 | 26 190 58 307 Wheels 29 | 5 . . 24 Hover . | . . . . Flight . | . . . . Fastest Speed 50 | 50 120 120 110 Average Speed 131 | 110 120 120 140 Slowest Speed 300 | 120 120 120 300 Overloaded Moves . | . . . . Propulsion Burnouts . | . . . . Robots Hopped . | . . . . Potential Cave-ins . | . . . . Cave-ins Triggered . | . . . . Exploration Rate (%) 17 | 4 34 14 17 Regions Visited 3 Branch Regions 2 Pre-discovered Areas . | . . . . Known Exits Taken . | . . . . Unknown Exits Taken 3 | 1 1 1 . Scrap Searched . | . . . . Spaces Dug . | . . . . Terrain Destroyed 25 | . . 10 15 Melee . | . . . . Projectile . | . . . . AOE 25 | . . 10 15 Terrain Rammed . | . . . . Walls Destroyed . | . . . . Machines Disabled . | . . . . Actions | -11 -10 -10 -10 --------- Run | Yrd Mat Min Sub Total 732 | 49 208 77 398 Wait 8 | 5 . 3 . Move 638 | 33 189 57 359 Hop . | . . . . Pick Up 7 | 1 2 1 3 Fast Attach 14 | 8 2 . 4 Attach 6 | . . 1 5 Detach 7 | 2 1 2 2 Swap 2 | . 1 1 . Drop 1 | . . 1 . Fire 40 | . 13 11 16 Melee . | . . . . Ram . | . . . . Kick 9 | . . . 9 Crush . | . . . . Escape Stasis . | . . . . Rewire . | . . . . Trap . | . . . . Miscellaneous . | . . . . Route ------- -11/Scrapyard -10/Materials -10/Mines -10/Subcaves (discovered 1 exit: [*Mat]) History --------- Turn | Location | Event 22 | -11/Scrapyard | Discovered new exit (range 16) 57 | -11/Scrapyard | Entered Materials 271 | -10/Materials | Discovered new exit (range 9) 305 | -10/Materials | Build established: Mutant 330 | -10/Materials | Entered Mines 331 | -10/Mines | Assembled infested the area 429 | -10/Mines | Discovered new exit (range 8) 438 | -10/Mines | Entered Subcaves 750 | -10/Subcaves | Shifting Twisted Machinery released Riot Gun 758 | -10/Subcaves | Shifting Twisted Machinery released Sub. Optics 767 | -10/Subcaves | Discovered new exit (range 10) 787 | -10/Subcaves | Ambushed by angry Subdweller bent on revenge 837 | -10/Subcaves | Core integrity fell below 50% 873 | -10/Subcaves | Lost 5 parts (2n3w) 985 | -10/Subcaves | Core integrity fell below 20% 1020 | -10/Subcaves | Destroyed by S-10 Pest with Light Assault Rifle Last Messages --------------- V3-VZZ(R) destroyed. Subatomizers dissect the Sub. Optics. Acquired 37 matter. Subatomizers dissect the Sub. Optics. Acquired 6 matter. Subatomizers dissect the Sub. Monowheel. Subatomizers dissect the Sub. Power Source. Acquired Sub. Monowheel. Subatomizers dissect the Sub. Power Source. Acquired 38 matter. Subatomizers dissect the Sub. Power Source. Mni. Grenade Launcher destroyed. Destroyed Mni. Grenade Launcher. Kicked S-10 Pest. Kicked S-10 Pest out of the way. Kicked S-10 Pest. Kicked S-10 Pest out of the way. Kicked S-10 Pest. Kicked S-10 Pest out of the way. Subatomizers dissect the Sub. Power Source. Map ----- +----------------------------------------------------+ | ??????????????????????????????# #???????????????? | | ??????????????????????????????# ###?????????????? | | ????????????????????#?????????# #?????????????? | | ???????????????????## ???###?## #??????????????? | | ?????????????????### #### ### #??????????????? | | ?????????????????# ## ## ## #??????????????? | | ?????????????????# ### #??????????????? | | ????????????????### % ##??????????????? | | ??????????????### % ######???????????????? | | ??????????????# ###????????????????????? | | ??????????????## ##????????????????????? | | ???????????????## # #????????????????????? | | ????????????????##?# ##% ##????????????????????? | | ???????????????????# ## s #????????????????????? | | ???????????????????# #?# #????????????????????? | | ???????????????????##?### **##???????????????????? | | ??????????????????????# % %&##??????????????????? | | ????????????????????### !! ##?????????????????? | | ???????????????????## # #?????????????????? | | ?????????????????# # ##????????????????? | | ??????????????????# #????????????????? | | ??????????????????# ### #????????????????? | | ??????????????????#???## ### #????????????????? | | ???????????????????????## #?## #????????????????? | | ???????????????????????## #### #????????????????? | | ??????????????????????## @ # ##????????????????? | | ?????????????????????##""""" #?????????????????? | | ?????????????????????#""""" # #????????????????? | | ?????????????????????#" < %#####????????????????? | | ?????????????????????#" *%|#####?????????????????? | | ?????????????????????# #?????????????????? | | ?????????????????????## ###???????????????? | | ??????????????????????#""""" #???????????????? | | ?????????????????????"""""#" ##???#???????????? | | ??????###???????????#""""## # & #??? #???????????? | | ?????## #????????####"""### ! ##? #???????????? | | ###??# %##???????#" """# ## #???????????? | | #### #???????#" % """"" """ #???????????? | | ###?????## "" #???????????? | | # #??????##### # "" #???????????? | | #######??##### # "" ##???????????? | | ## ####### # #??# # #" " ##????????????? | | ########## "##???# """"###?????????????? | | ## # # ## ##??## """#???????????????? | | ## # #### #### ""#???????????????? | | # # # ##?# "" #??????????????? | | ### ##### # ## #### ######??????????????? | | #?# ##??## ### #### #???????????????????? | | ??## # #???### # #?###???????????????????? | | ???## ### #?????### ## #???????????????????????? | +----------------------------------------------------+ Best States ------------- Heat Dissipation 35 Energy Generation 15 Energy Capacity 200 Matter Stores 300 Matter Capacity 300 Sight Range 21 Terrain Scan Density 10 Evasion (%) 55 Item Schematics ----------------- None Robot Schematics ------------------ None Fabricated ------------ Nothing Repaired ---------- Nothing Alien Tech Used ----------------- None Achievements -------------- None Challenges ------------ None Game ------ Seed SurgeImprovedBiocell Manual? 0 Play Time 00:09:32 Cumulative 26.9 hours Start 2025.05.09 @ 09:23:35 End 2025.05.09 @ 09:33:11 Sessions 1 Manual Loads 0 Difficulty Rogue Special Mode None Game No. 44 Rogue 44 Adventurer 0 Explorer 0 Win Type - Total 0 Types 0/0/0/0/0/0/0/0/0/0 Lore% 15 Gallery% 31 Achievement% 30 Wizard Run 0 Options --------- Layout 1 ASCII 0 Keyboard 1 Movement Numpad Keybinds 0 Fullscreen 1 Font 32/SmallcapsGlow Map View 50x35 Zoom Use 0% Tactical HUD 0 Map Filters NONE Filters NONE Steam 1 RUN: 7e5f9b5b-cc66-4966-8adf-0c2429379548